 Dungeon Crawl Stone Soup version 0.27.1-1-g398f81649c (webtiles) character file.

Game seed: 14396989050772700857

281 pokedragonboy the Grave Robber (level 6, -1/30 (32) HPs)
             Began as a Deep Elf Necromancer on Sept 11, 2021.
             Slain by a necrophage (5 damage)
             ... on level 5 of the Dungeon.
             The game lasted 00:16:16 (4645 turns).

pokedragonboy the Grave Robber (DENe)               Turns: 4645, Time: 00:16:17

HP:   -1/30 (32)    AC:  4    Str:  5    XL:     6   Next: 6%
MP:   9/15          EV: 13    Int: 22    God:
Gold: 159           SH:  0    Dex: 15    Spells: 6/15 levels left

rFire    . . .     SeeInvis .   f - +0 short sword
rCold    . . .     Faith    .   (no shield)
rNeg     . . .     Spirit   .   a - +0 robe
rPois    .         Reflect  .   (no helmet)
rElec    .         Harm     .   (no cloak)
rCorr    .         Rampage  .   v - +0 pair of gloves
Will     .....                  i - +0 pair of boots
Stlth    ++........             (no amulet)
HPRegen  0.10/turn              (no ring)
MPRegen  0.14/turn              (no ring)

@: drained
A: no striking features
a: no special abilities


You were on level 5 of the Dungeon.
You visited 1 branch of the dungeon, and saw 6 of its levels.

You collected 159 gold pieces.

Inventory:

Hand Weapons
 f - a +0 short sword (weapon)
Armour
 a - a +0 robe (worn)
 b - a +0 ring mail of poison resistance
 i - a +0 pair of boots (worn)
 v - a +0 pair of gloves (worn)
Wands
 k - a wand of flame (21)
 u - a wand of iceblast (10)
Scrolls
 d - a scroll of noise {unknown}
 l - a scroll of fear {unknown}
 m - a scroll of enchant weapon {unknown}
 n - 2 scrolls of teleportation
 o - 2 scrolls of amnesia {unknown}
 q - a scroll of silence {unknown}
 r - a scroll of immolation {unknown}
 s - a scroll of fog {unknown}
 w - a scroll of identify
Potions
 c - a potion of invisibility {unknown}
 e - 3 potions of curing
 g - a potion of brilliance {unknown}
 h - 2 potions of heal wounds
 j - a potion of lignification {unknown}
 p - a potion of ambrosia {unknown}
 t - a potion of degeneration {unknown}


   Skills:
 - Level 3.0 Dodging
 - Level 3.0 Stealth
 + Level 5.2 Spellcasting
 * Level 7.5 Necromancy


You had 6 spell levels left.
You knew the following spells:

 Your Spells              Type           Power      Damage    Failure   Level
a - Pain                  Necr           100%       1d9       1%          1
b - Animate Skeleton      Necr           76%        N/A       1%          1
c - Vampiric Draining     Necr           19%        2d8       1%          3
d - Animate Dead          Necr           19%        N/A       4%          4

Your spell library contained the following spells:

 Spells                   Type           Power      Damage    Failure   Level
 Summon Small Mammal      Summ           20%        N/A       10%         1
 Agony                    Necr           38%        N/A       12%         5
 Call Canine Familiar     Summ           5%         N/A       30%         3
 Summon Guardian Golem    Hex/Summ       5%         N/A       30%         3
 Petrify                  Tmut/Erth      5%         N/A       69%         4
 Metabolic Englaciation   Hex/Ice        2%         N/A       95%         5
 Statue Form              Tmut/Erth      3%         N/A       100%        6


Dungeon Overview and Level Annotations

Branches:
Dungeon (6/15)
 Temple: D:4-7

Altars:

Annotations:
D:3 exclusion: necrophage
D:6 Pikel


Message History

Your adder skeleton bites the necrophage.
The necrophage closely misses you.
You hit the necrophage.
The necrophage is moderately damaged.
Your adder skeleton barely misses the necrophage.
The necrophage completely misses you.
You closely miss the necrophage.
The necrophage is moderately damaged.
Your adder skeleton bites the necrophage.
The necrophage misses you.
Your life force is drained.
Your movement speed is average.
Your attack delay is about 1.1.
Unknown command.
Casting: Animate Skeleton (safe; 1% risk of failure)
Confirm with . or Enter, or press ? or * to list all spells.
You can't see any susceptible monsters within range! (Use Z to cast anyway.)
You barely miss the necrophage.
The necrophage is heavily damaged.
Your adder skeleton barely misses the necrophage.
The necrophage hits you but does no damage.
Your adder skeleton barely misses the necrophage.
You closely miss the necrophage.
The necrophage is heavily damaged.
The necrophage misses you.
Your adder skeleton bites the necrophage.
You barely miss the necrophage.
The necrophage is heavily damaged.
The necrophage barely misses you.
Your adder skeleton closely misses the necrophage.
You hit the necrophage.
The necrophage is severely damaged.
The necrophage hits you.
* * * LOW HITPOINT WARNING * * *
Your adder skeleton barely misses the necrophage.
The necrophage barely misses you.
You hit the necrophage but do no damage.
The necrophage is severely damaged.
Your adder skeleton bites the necrophage.
The necrophage hits you.
You die...

.... ..##...# ....
...#...# .... ......#
##... #.... ...# ##
#...#####...##...
#..............
#####.....Z@##..#
###.........n.....#
......#....####...#
...........#####$.....
..##..#........ ......
. #..##....#... .....
$..###.######.. #....
.##.#....>.# . ....
#.#......# ...


You could see a necrophage (ally target) and a friendly adder skeleton.

Vanquished Creatures
  A centaur skeleton (D:5)
  An orc priest (D:4)
  A hound (D:5)
  3 adders
  4 gnolls (D:2)
  2 dart slugs (D:1)
  10 orcs
  8 bats
  7 endoplasms
  5 giant cockroaches
  3 goblins
  9 hobgoblins
  4 quokkas
  7 ball pythons
  2 frilled lizards
  8 kobolds
  4 rats
79 creatures vanquished.

Vanquished Creatures (collateral kills)
  An orc priest (D:2)
  A dart slug (D:2)
  2 orcs
  An endoplasm (D:1)
  2 kobolds
  2 ball pythons
  A frilled lizard (D:1)
  A rat (D:1)
11 creatures vanquished.

Grand Total: 90 creatures vanquished

Notes
Turn   | Place    | Note
-------+----------+-------------------------------------------
     0 | D:1      | pokedragonboy the Deep Elf Necromancer began the quest for
                  | the Orb.
     0 | D:1      | Reached XP level 1. HP: 10/10 MP: 6/6
   137 | D:1      | Reached skill level 5 in Necromancy
   139 | D:1      | Learned a level 1 spell: Animate Skeleton
   282 | D:1      | Reached XP level 2. HP: 9/15 MP: 5/8
   979 | D:1      | Found a faded altar of an unknown god.
   984 | D:1      | Reached XP level 3. HP: 17/19 MP: 7/10
  1567 | D:2      | Reached XP level 4. HP: 21/24 MP: 7/11
  1660 | D:2      | Reached skill level 6 in Necromancy
  2477 | D:2      | Reached XP level 5. HP: 25/28 MP: 9/13
  2482 | D:2      | Learned a level 3 spell: Vampiric Draining
  3335 | D:3      | Noticed a necrophage
  3699 | D:4      | Learned a level 4 spell: Animate Dead
  3931 | D:4      | Reached skill level 7 in Necromancy
  4261 | D:4      | You fall into a shaft and drop 2 floors!
  4261 | D:6      | Noticed a lemure
  4261 | D:6      | Noticed a lemure
  4264 | D:6      | Noticed Pikel
  4269 | D:6      | Noticed a lemure
  4284 | D:5      | Entered Level 5 of the Dungeon
  4297 | D:5      | HP: 1/28 [centaur skeleton (4)]
  4299 | D:5      | Reached skill level 5 in Spellcasting
  4610 | D:5      | Reached XP level 6. HP: 23/32 MP: 8/15
  4645 | D:5      | Slain by a necrophage

Illustrated notes

Levels and vault maps discovered:
D:1:      nicolae_arrival_washed_ashore, layout_basic,
          hellmonk_ecumenical_altar_lost_god, minmay_octomino_c4
D:2:      layout_loops_ring
D:3:      layout_loops_cross, amcnicky_mini_corridor_feature
D:4:      layout_cave_pods, grunt_ministairs_2, kennysheep_generic_room_6
D:5:      layout_rooms, nemelex_dance_club_becter, uniq_ijyb
D:6:      kennysheep_housing_project, layout_cave_pools,
          nzn_wu_jian_council_hall, uniq_menkaure, uniq_maggie, uniq_pikel

Skill      XL: |  1  2  3  4  5 |
---------------+----------------+-----
Necromancy     | 5 6 7 |  7.5
Stealth        | 3 |  3.0
Spellcasting   | 4 5 |  5.2
Dodging        | 3 |  3.0

Action                   |  1- 3 |  4- 6 || total
-------------------------+-------+-------++-------
Melee: Short sword       |     3 |    29 ||    32
 Cast: Pain              |    48 |    98 ||   146
       Animate Skeleton  |    13 |    21 ||    34
       Vampiric Draining |       |     2 ||     2
  Use: Scroll            |       |     3 ||     3
Armor: Robe              |     1 |    20 ||    21
Dodge: Dodged            |     8 |    46 ||    54
